 Dungeon Crawl Stone Soup version 0.18-a0-1535-g243bd92 (webtiles) character file.

53 Oddball22 the Stinger (level 3, -1/21 HPs)
             Began as an Octopode Venom Mage on Mar 9, 2016.
             Slain by a goblin (4 damage)
             ... led by Robin
             ... on level 3 of the Dungeon.
             The game lasted 00:04:05 (1893 turns).

Oddball22 the Stinger (Octopode Venom Mage)         Turns: 1893, Time: 00:04:05

Health: -1/21      AC:  1    Str:  7    XL:     3   Next: 87%
Magic:  5/7        EV: 12    Int: 18    God:
Gold:   79         SH:  0    Dex: 12    Spells: 3 memorised, 1 level left

rFire  . . .     SeeInvis .     e - -1 mace (curse)
rCold  . . .     Gourm    .     (no shield)
rNeg   . . .     Faith    .     (helmet restricted)
rPois  .         Spirit   .     (no amulet)
rElec  .         Dismiss  .     (no ring)
rCorr  .         Reflect  .     (no ring)
SustAt .         Harm     .     (no ring)
MR     .....                    (no ring)
Stlth  +++.......               (no ring)
                                (no ring)
                                (no ring)
                                (no ring)

@: not resistant to hostile enchantments, fairly stealthy
A: almost no armour, amphibious, 8 rings, constrict 8, camouflage 1, gelatinous
body 1
a: no special abilities


You were on level 3 of the Dungeon.
You were not hungry.

You visited 1 branch of the dungeon, and saw 3 of its levels.

You collected 79 gold pieces.

Inventory:

Hand Weapons
 e - a cursed -1 mace (weapon)
Scrolls
 f - a scroll of recharging {unknown}
 h - a scroll of magic mapping {unknown}
 i - 2 scrolls of remove curse {unknown}
 j - a scroll of noise {unknown}
 k - a scroll of enchant armour {unknown}
 l - a scroll of teleportation {unknown}
Potions
 c - 2 potions of curing {unknown}
 d - a potion of lignification {unknown}
 m - a potion of heal wounds {unknown}
Books
 a - a Young Poisoner's Handbook

   Spells                             Type                      Level
   a - Sting                          Conjuration/Poison           1
   b - Cure Poison                    Poison                       2
   c - Mephitic Cloud                 Conjuration/Poison/Air       3
   d - Olgreb's Toxic Radiance        Poison                       4
   e - Venom Bolt                     Conjuration/Poison           5
Comestibles
 b - 4 bread rations
 g - 2 slices of pizza
 n - a chunk of flesh


   Skills:
 - Level 2.0 Dodging
 - Level 2.6 Stealth
 * Level 2.8 Spellcasting
 + Level 1.1 Conjurations
 + Level 5.6 Poison Magic


You had one spell level left.
You knew the following spells:

 Your Spells              Type           Power        Failure   Level  Hunger
a - Sting                 Conj/Pois      ##..         4%          1    None
b - Cure Poison           Pois           ###.......   2%          2    ##.....
c - Mephitic Cloud        Conj/Pois/Air  ##......     24%         3    ###....


Dungeon Overview and Level Annotations

Branches:
Dungeon (3/15)

Altars:

Annotations:
D:3 Robin


Innate Abilities, Weirdness & Mutations

You cannot wear most types of armour.
You are amphibious.
You can wear up to eight rings at the same time.
You can use your tentacles to constrict eight enemies at once.
Your skin changes colour to match your surroundings (Stealth).
Your rubbery body absorbs attacks (AC +1).


Message History

The sting misses the quokka.
The quokka barely misses you.
Casting: Sting
Confirm with . or Enter, or press ? or * to list all spells.
Aiming: Sting
Press: ? - help, Shift-Dir - straight line, f/p - quokka
Aim: a quokka The sting hits the quokka.
The quokka is poisoned.
The quokka is severely wounded.
The quokka completely misses you.
You closely miss the quokka. Your grab misses the quokka.
The quokka is almost dead.
The quokka bites you.
* * * LOW HITPOINT WARNING * * *
The quokka misses you.
You completely miss the quokka. You grab the quokka.
The quokka is almost dead.
You constrict the quokka, but do no damage.
You kill the quokka!
The goblin hits you.
You die...

######............
###.........#
#.........# ###
#........(#
....#..........
............###
............#
............####
..........ggg@.#
...[.......g##..#
............# #.#
............# .....
..........g#####....##
....#.......g....#%...
############g###......
#.g..##... ####g......


You could see a hobgoblin (frenzied) and 3 goblins.

Vanquished Creatures
  An adder (D:3)
  2 dart slugs (D:1)
  A worm (D:2)
  2 giant geckos
  8 bats
  A giant cockroach (D:1)
  4 goblins
  6 hobgoblins
  A quokka (D:3)
  2 giant newts
  4 rats
32 creatures vanquished.

Notes
Turn   | Place    | Note
--------------------------------------------------------------
     0 | D:1      | Oddball22 the Octopode Venom Mage began the quest for the Orb.
     0 | D:1      | Reached XP level 1. HP: 11/11 MP: 3/3
   253 | D:1      | Reached skill level 5 in Poison Magic
   422 | D:1      | Reached XP level 2. HP: 17/17 MP: 5/5
   831 | D:1      | Reached XP level 3. HP: 18/21 MP: 3/6
   895 | D:1      | Learned a level 2 spell: Cure Poison
   899 | D:1      | Learned a level 3 spell: Mephitic Cloud
   906 | D:1      | Reached skill level 1 in Conjurations
  1873 | D:3      | Noticed Robin
  1893 | D:3      | Slain by a goblin

Vault maps used:
D:1:      dpeg_arrival_shelter
D:2:      first_bread, kennysheep_generic_room_9
D:3:      serial_glass, glass_columns_a, glass_columns_c, uniq_jessica,
          uniq_grinder, uniq_robin

Skill      XL: |  1  2  3 |
---------------+----------+-----
Poison Magic   | 5 |  5.6
Conjurations   | 1 |  1.1
Dodging        | |  2.0
Stealth        | |  2.6
Spellcasting   | |  2.8

Action                   || total
-------------------------++-------
Melee: Unarmed           ||     7
       Mace              ||    47
 Cast: Sting             ||    27
 Stab: Sleeping          ||    11
  Eat: Chunk             ||     3
